 Dungeon Crawl Stone Soup version 0.20.0-15-g7f486f2 (webtiles) character file.

77 straycat the Sneak (level 4, 0/35 HPs)
             Began as a Vampire Wanderer on June 27, 2017.
             Slain by an adder (1 damage)
             ... on level 2 of the Dungeon.
             The game lasted 00:07:22 (1702 turns).

straycat the Sneak (Vampire Wanderer)               Turns: 1702, Time: 00:07:23

Health: 0/35       AC:  8    Str: 11    XL:     4   Next: 14%
Magic:  4/4        EV: 10    Int: 10    God:
Gold:   69         SH:  0    Dex: 18    Spells: 3/3 levels left

rFire    . . .     SeeInvis +   u - +1 dagger (venom)
rCold    + . .     Gourm    .   (no shield)
rNeg     + + .     Faith    .   a - +2 scale mail
rPois    +         Spirit   .   (no helmet)
rElec    .         Reflect  .   (no cloak)
rCorr    .         Harm     .   (no gloves)
MR       .....                  (no boots)
Stlth    +.........             (no amulet)
Regen    0.1/turn               (no ring)
MPRegen  0.1/turn               (no ring)

@: regenerating slowly, glowing
A: fangs 3, see invisible, unbreathing
a: Bat Form


You were on level 2 of the Dungeon.
You were thirsty.

You visited 1 branch of the dungeon, and saw 3 of its levels.

You collected 69 gold pieces.

Inventory:

Hand Weapons
 c - a +0 hand crossbow
 g - a +0 hunting sling
 j - a cursed +0 mace
 o - a +0 short sword
 t - a +0 fustibalus
 u - a +1 dagger of venom (weapon)
Missiles
 f - 103 stones (quivered)
Armour
 a - a +2 scale mail (worn)
Jewellery
 h - an uncursed amulet of magic regeneration {unknown}
Wands
 n - a wand of scattershot (3/9)
Scrolls
 m - 3 scrolls of identify {unknown}
 p - a scroll of enchant weapon {unknown}
 r - 3 scrolls of enchant armour {unknown}
Potions
 b - a potion of lignification
 e - 26 potions of blood
 i - a potion of berserk rage {unknown}
 k - 2 potions of curing {unknown}
 l - 2 potions of haste {unknown}
 q - a potion of cancellation {unknown}
 s - a potion of agility {unknown}


   Skills:
 + Level 3.0 Fighting
   Level 1.0 Bows
 - Level 1.0 Crossbows
 - Level 2.4 Armour
 * Level 2.9 Dodging
 + Level 3.9 Stealth
 - Level 1.0 Evocations


You had 3 spell levels left.
You didn't know any spells.

Dungeon Overview and Level Annotations

Branches:
Dungeon (3/15)

Altars:
Fedhas
Trog
The Shining One

Annotations:
D:3 Monsterracer's ghost, amateur SpEn


Innate Abilities, Weirdness & Mutations

You heal slowly.
You have razor-sharp teeth.
You have supernaturally acute eyesight. (SInv)
You can survive without breathing.


Message History

Monsterracer's ghost is heavily damaged.
Monsterracer's ghost completely misses you.
You hit Monsterracer's ghost but do no damage.
Monsterracer's ghost is heavily damaged.
You are no longer glowing.
Monsterracer's ghost hits you.
* * * LOW HITPOINT WARNING * * *
Monsterracer's ghost hits you but does no damage.
Monsterracer's ghost points at you and mumbles some strange words.
You are outlined in light.
There is a stone staircase leading up here.
The adder closely misses you. Monsterracer's ghost hits you.
* * * LOW HITPOINT WARNING * * *
You climb upwards.
There is a stone staircase leading down here.
Your unliving flesh cannot be transformed in this way.
Yummy - fresh blood!
You are feeling thirsty.
The adder bites you.
You die...

#.#..##.##...........##..###..
#.#.###.##..........[##.## ###
##.......##........>).##.# #
#.......################.# #
#.##.##.# ######## #.# #
#.##.##.######......# #.# #
#.##...........####.# #.# #
#.#####.#####S.####.####.# #
#.#####.# #.@##........# #
#.......# #..##.#.###########
######### #.....#.# #......
##......#####.#####
#########.......# #.##.##.##
#.##.....# #.#####..#
#.#####..#


You could see an adder.

Vanquished Creatures
  An adder (D:2)
  2 oozes
  A worm (D:2)
  A dart slug (D:2)
  2 leopard geckos (D:1)
  6 giant cockroaches
  5 goblins
  5 hobgoblins
  2 jackals (D:1)
  A quokka (D:2)
  2 ball pythons (D:2)
  6 bats
  2 frilled lizards (D:1)
  8 kobolds
  6 rats
50 creatures vanquished.

Notes
Turn   | Place    | Note
-------+----------+-------------------------------------------
     0 | D:1      | straycat the Vampire Wanderer began the quest for the Orb.
     0 | D:1      | straycat set off with: a +2 scale mail, a potion of lignification, a +0 hand crossbow, 27 bolts, a potion of blood
     0 | D:1      | Reached XP level 1. HP: 17/17 MP: 1/1
    15 | D:1      | Reached skill level 1 in Dodging
    15 | D:1      | Reached XP level 2. HP: 20/23 MP: 2/2
   469 | D:1      | Reached XP level 3. HP: 19/28 MP: 3/3
   785 | D:2      | Found a blossoming altar of Fedhas.
   939 | D:2      | Found a bloodstained altar of Trog.
   984 | D:2      | Found a glowing golden altar of the Shining One.
  1227 | D:2      | Reached XP level 4. HP: 33/35 MP: 4/4
  1664 | D:3      | Noticed Monsterracer's ghost (amateur SpEn)
  1700 | D:3      | HP: 1/35 [Monsterracer's ghost (2)]
  1702 | D:2      | Slain by an adder

Skill      XL: |  1  2  3 |
---------------+----------+-----
Stealth        | 2 3 |  3.9
Dodging        | 1 2 |  2.9
Fighting       | 3 |  3.0
Bows           | |  1.0
Crossbows      | |  1.0
Armour         | |  2.4
Evocations     | |  1.0

Action                   |  1- 3 |  4- 6 || total
-------------------------+-------+-------++-------
Melee: Hand crossbow     |    22 |       ||    22
       Bite              |     1 |       ||     1
       Dagger            |       |     2 ||     2
 Fire: Hand crossbow     |   107 |    20 ||   127
Throw: Stone             |       |    13 ||    13
  Use: Potion            |       |     1 ||     1
 Stab: Distracted        |     1 |       ||     1
Armor: Scale mail        |    54 |    12 ||    66
Dodge: Dodged            |    45 |    12 ||    57
